 Dungeon Crawl Stone Soup version 0.27.1-16-g815e20cd7a (webtiles) character file.

Game seed: 7553398483696985821

214 riftmaster1123 the Chiller (level 5, -1/61 HPs)
             Began as a Draconian Ice Elementalist on Nov 21, 2021.
             Slain by an orc (3 damage)
             ... on level 4 of the Dungeon.
             The game lasted 00:52:37 (3731 turns).

riftmaster1123 the Chiller (DrIE)                   Turns: 3731, Time: 00:52:38

Health: -1/61      AC: 22    Str: 11    XL:     5   Next: 60%
Magic:  4/8        EV:  2    Int: 16    God:
Gold:   120        SH:  0    Dex: 11    Spells: 4/9 levels left

rFire    . . .     SeeInvis .   b - +1 short sword
rCold    . . .     Faith    .   (no shield)
rNeg     + + +     Spirit   .   (armour unavailable)
rPois    +         Reflect  .   (helmet currently unavailable)
rElec    .         Harm     .   (cloak currently unavailable)
rCorr    .         Rampage  .   (gloves currently unavailable)
Will     .....     NoTele   +   (boots currently unavailable)
Stlth    +.........             (no amulet)
HPRegen  0.20/turn              (no ring)
MPRegen  0.11/turn              (no ring)

@: confused, tree-form (expiring), studying Necromancy
A: stationary, stasis, torment immunity, boosted hp, AC +5, unfitting armour,
(cold-blooded)
a: no special abilities


You were on level 4 of the Dungeon.
You were a tree.
You visited 1 branch of the dungeon, and saw 4 of its levels.

You collected 120 gold pieces.

Inventory:

Hand Weapons
 b - a +1 short sword (weapon)
 h - a +0 flail
Missiles
 d - 60 stones (quivered)
 e - 45 arrows
Armour
 f - a +0 pair of gloves (melded)
 k - a +2 pair of boots (melded)
Wands
 i - a wand of flame (11)
Scrolls
 j - a scroll of magic mapping
Potions
 a - 2 potions of mutation
 c - a potion of lignification
 l - a potion of might


   Skills:
 + Level 1.9 Fighting
 + Level 0.6 Short Blades
 - Level 1.0 Throwing
 * Level 2.9 Dodging
 + Level 2.3 Stealth
 + Level 2.5 Spellcasting
 * Level 5.2 Ice Magic


You had 4 spell levels left.
You knew the following spells:

 Your Spells              Type           Power      Damage    Failure   Level
a - Freeze                Ice            72%        1d9       2%          1
b - Frozen Ramparts       Ice            36%        1d5       7%          3
c - Magic Dart            Conj           8%         1d3       21%         1

Your spell library contained the following spells:

 Spells                   Type           Power      Damage    Failure   Level
 Ozocubu's Armour         Ice            18%        N/A       7%          3
 Call Imp                 Summ           2%         N/A       30%         2
 Slow                     Hex            2%         N/A       30%         2
 Confusing Touch          Hex            2%         N/A       52%         3
 Mephitic Cloud           Conj/Pois/Air  2%         N/A       52%         3
 Vampiric Draining        Necr           1%         2d6       52%         3
 Hailstorm                Conj/Ice       10%        3d5       54%         4
 Ice Form                 Ice/Tmut       10%        N/A       54%         4
 Summon Ice Beast         Ice/Summ       10%        N/A       54%         4


Dungeon Overview and Level Annotations

Branches:
Dungeon (4/15)
 Temple: D:4-7

Altars:
Cheibriados
Uskayaw
Wu Jian

Shops:
D:1 =


Innate Abilities, Weirdness & Mutations

You are a tree.
Your roots penetrate the ground, keeping you stationary.
You cannot be teleported.
You are immune to unholy pain and torment.
Your maximum health is greatly increased.
Your equipment is partially melded.
((Your plain brown scales are hard. (AC +5)))
You cannot fit into any form of body armour.
((You are cold-blooded and may be slowed by cold attacks.))


Message History

You cannot move.
You barely miss the orc.
The orc is heavily wounded.
Something hits you.
* * * LOW HITPOINT WARNING * * *
The orc hits you but does no damage.
You barely miss the orc.
The orc is heavily wounded.
Something hits you.
* * * LOW HITPOINT WARNING * * *
The orc hits you but does no damage.
You barely miss the orc.
The orc is heavily wounded.
Your transformation is almost over.
You hear some strange, mumbled words.
You are confused.
The orc hits you but does no damage.
You cannot move. (Use ctrl+direction or * direction to attack without moving.)
You cannot move. (Use ctrl+direction or * direction to attack without moving.)
You cannot move. (Use ctrl+direction or * direction to attack without moving.)
You attack the rock wall.
Something hits you but does no damage. The orc hits you but does no damage.
You nearly hit yourself!
Something hits you but does no damage. The orc hits you but does no damage.
You closely miss the orc.
The orc is heavily wounded.
An orc wizard appears from thin air!
Reactivating autopickup.
The orc wizard gestures at you while chanting.
You resist with some effort. The orc hits you but does no damage.
The orc wizard hits you but does no damage.
You attack the rock wall.
The orc hits you but does no damage.
The orc wizard hits you but does no damage.
You attack the rock wall.
The orc hits you but does no damage.
The orc wizard points at you and mumbles some strange words.
You are more confused.
You barely miss the orc.
The orc is heavily wounded.
The orc hits you with a +0 club.
You die...

#............#..#♣♣
#....#.....####.#.♣♣ ♣
#...##.....# #..#..♣♣P♣♣. ##
#......#.## #..#).......
##.##........####.....#.....
#..........#.........## ....
##..<...#.##.........####....
##......#.####(..............
#....(......♣og.###..........
##........###o##.# #..........
#..............##.##.....###..
##.............##........# .
###...........(.........#
#.....#(....##.....)..o.
#######...######.........
###.......# #..... ...##
#......##.##. .... ...#


You could see an orc wizard, an orc and a hobgoblin.

Vanquished Creatures
  A necrophage (D:2)
  An orc priest (D:4)
  A gnoll (D:4)
  2 adders
  A worm (D:2)
  6 dart slugs
  2 orcs
  4 bats
  5 endoplasms
  2 giant cockroaches (D:4)
  5 goblins
  2 hobgoblins
  4 jackals (D:3)
  4 kobolds
  4 quokkas
  4 ball pythons
  A frilled lizard (D:1)
  4 rats
53 creatures vanquished.

Vanquished Creatures (others)
  30 plants (D:4)
30 creatures vanquished.

Grand Total: 83 creatures vanquished

Notes
Turn   | Place    | Note
-------+----------+-------------------------------------------
     0 | D:1      | riftmaster1123 the Draconian Ice Elementalist began the
                  | quest for the Orb.
     0 | D:1      | Reached XP level 1. HP: 14/14 MP: 3/3
   324 | D:1      | Found a faded altar of an unknown god.
   393 | D:1      | Reached XP level 2. HP: 20/20 MP: 1/5
   545 | D:1      | Found Vatots's Jewellery Boutique.
  1622 | D:2      | Reached skill level 1 in Fighting
  1939 | D:2      | Noticed a necrophage
  1958 | D:2      | Killed a necrophage
  1959 | D:2      | Reached skill level 1 in Throwing
  1959 | D:2      | Reached XP level 3. HP: 6/29 MP: 4/6
  1959 | D:2      | Reached XP level 4. HP: 8/36 MP: 4/7
  1963 | D:2      | Learned a level 3 spell: Frozen Ramparts
  2652 | D:3      | Found a snail-covered altar of Cheibriados.
  2791 | D:3      | Reached XP level 5. HP: 41/41 MP: 8/8
  3086 | D:3      | Reached skill level 5 in Ice Magic
  3097 | D:3      | Learned a level 1 spell: Magic Dart
  3195 | D:3      | Noticed a +0 dagger
  3195 | D:3      | Noticed a +0 dagger
  3196 | D:3      | Found a hide-covered altar of Uskayaw.
  3503 | D:4      | Found an ornate altar of the Wu Jian Council.
  3707 | D:4      | HP: 1/61 [orc priest/divine providence (15)]
  3723 | D:4      | HP: 1/61 [something (3)]
  3731 | D:4      | Slain by an orc

Illustrated notes

Levels and vault maps discovered:
D:1:      scummos_arrival_star, layout_basic, serial_shops, shop,
          basic_ecumenical_altar, chequers_serial_rivers_room_a
D:2:      layout_basic, serial_forest, infiniplex_forest_fountain,
          infiniplex_forest_straight_4, infiniplex_forest_lined_3_way,
          infiniplex_forest_zigzag_1, infiniplex_forest_straight_2,
          infiniplex_forest_diagonal
D:3:      layout_basic, dancing_weapons_uskayaw, kennysheep_slug_shrine
D:4:      wad_woods_stonehenge, layout_cave_pools, fedhas_altar_2,
          tso_oasis_becter, nicolae_wu_jian_wuxing_cycle, uniq_edmund,
          uniq_duvessa, uniq_menkaure

Skill      XL: |  1  2  3  4  5 |
---------------+----------------+-----
Dodging        | 2 |  2.9
Fighting       | 1 |  1.9
Throwing       | 1 |  1.0
Stealth        | 2 |  2.3
Ice Magic      | 5 |  5.2
Short Blades   | |  0.6
Spellcasting   | |  2.5

Action                   |  1- 3 |  4- 6 || total
-------------------------+-------+-------++-------
Melee: Short sword       |    35 |    88 ||   123
       Tailslap          |     3 |    11 ||    14
Throw: Stone             |    19 |    30 ||    49
 Cast: Freeze            |    15 |    12 ||    27
       Frozen Ramparts   |       |     3 ||     3
       Magic Dart        |       |     7 ||     7
  Use: Scroll            |     2 |     6 ||     8
       Potion            |       |     2 ||     2
 Stab: Sleeping          |       |     1 ||     1
Armor: Skin              |    10 |    64 ||    74
Dodge: Dodged            |    43 |    59 ||   102
